 Dungeon Crawl Stone Soup version 0.21.1-1-g345015fe64 (webtiles) character file.

247900 Fascinator the Hoplite (level 18, -15/156 HPs)
             Began as a Minotaur Fighter on July 21, 2018.
             Was a High Priest of Qazlal.
             Killed by a resonance strike
             ... invoked by a ragged hierophant
              (29 damage)
             ... in the Desolation of Salt on July 22, 2018.
             The game lasted 02:14:43 (32995 turns).

Fascinator the Hoplite (Minotaur Fighter)          Turns: 32995, Time: 02:14:44

Health: -15/156    AC: 30    Str: 46    XL:     18   Next: 83%
Magic:  17/36      EV: 12    Int:  7    God:    Qazlal [*****.]
Gold:   2678       SH: 35    Dex: 22    Spells: 17/17 levels left

rFire    . . .     SeeInvis +   B - +6 short sword of the Middle {drain, rF+ Str+3 Dex-3}
rCold    . . .     Gourm    +   m - +0 large shield
rNeg     . . .     Faith    .   R - +6 plate armour of the Orb Guardian {*Drain rElec rF- Str+10}
rPois    .         Spirit   .   M - +2 hat {SInv}
rElec    +         Reflect  .   C - +1 cloak of the Ditch-Digger {Dex+7}
rCorr    .         Harm     .   a - +0 pair of gloves of Tulips {Int+4} (curse)
MR       ++...                  N - +0 pair of boots
Stlth    ..........             U - amulet of the gourmand
HPRegen  0.36/turn              y - ring of Olawilu {MP+9 Dex+7}
MPRegen  0.25/turn              W - ring of protection from magic

@: mighty, repel missiles
A: retaliatory headbutt, horns 2, dopey 1
}: 2/15 runes: decaying, gossamer
a: Upheaval, Elemental Force, Disaster Area, Renounce Religion


You were in the Desolation of Salt.
You worshipped Qazlal.
Qazlal was extremely pleased with you.
You were hungry.

You visited 8 branches of the dungeon, and saw 34 of its levels.
You also visited: Ice Cave, Volcano and Desolation.

You collected 3293 gold pieces.
You spent 615 gold pieces at shops.

Inventory:

Hand Weapons
 B - the +6 short sword of the Middle (weapon) {drain, rF+ Str+3 Dex-3}
   (You found it on level 9 of the Dungeon)

   A truly terrible weapon, it drains the life of those it strikes.
   It affects your strength (+3).
   It affects your dexterity (-3).
   It protects you from fire.
 O - a +1 war axe of chopping
Armour
 a - the cursed +0 pair of gloves of Tulips (worn) {Int+4}
   (You found it on level 1 of the Spider Nest)

   It affects your intelligence (+4).
   It has a curse placed upon it.
 m - a +0 large shield (worn)
 C - the +1 cloak of the Ditch-Digger (worn) {Dex+7}
   (You found it on level 5 of the Dungeon)

   It affects your dexterity (+7).
 L - the +8 plate armour of Pantheism {+Inv rPois Str+4}
   (You found it on level 1 of the Lair of Beasts)

   It affects your strength (+4).
   It protects you from poison.
   It lets you turn invisible.
 M - a +2 hat of see invisible (worn)
 N - a +0 pair of boots (worn)
 R - the +6 plate armour of the Orb Guardian (worn) {*Drain rElec rF- Str+10}
   (You found it in an ice cave)

   It affects your strength (+10).
   It makes you vulnerable to fire.
   It insulates you from electricity.
   It causes draining when unequipped.
Jewellery
 w - an uncursed ring of resist corrosion
 y - the ring of Olawilu (left hand) {MP+9 Dex+7}
   (You bought it in a shop on level 4 of the Dungeon)

   [ring of magical power]

   It affects your dexterity (+7).
   It affects your magic capacity (+9).
 P - an uncursed ring of flight
 U - an amulet of the gourmand (around neck)
 W - a ring of protection from magic (right hand)
 X - a +4 ring of protection
Wands
 h - a wand of paralysis (15)
 t - a wand of clouds (6)
 x - a wand of iceblast (16)
 D - a wand of flame (59)
 E - a wand of disintegration (30)
 Y - a wand of acid (9)
Scrolls
 b - 6 scrolls of remove curse
 i - 6 scrolls of blinking
 j - 6 scrolls of fear
 k - 5 scrolls of enchant weapon
 q - 8 scrolls of teleportation
 r - 7 scrolls of magic mapping
 v - 8 scrolls of enchant armour
 z - a scroll of holy word
 G - 14 scrolls of identify
 K - 2 scrolls of acquirement
 Z - a scroll of fog
Potions
 d - 3 potions of invisibility
 e - 4 potions of brilliance
 g - 4 potions of cancellation
 n - 5 potions of agility
 p - 4 potions of haste
 s - 5 potions of resistance
 u - 14 potions of curing
 H - a potion of might
 I - 6 potions of ambrosia
 J - 5 potions of mutation
 Q - a potion of berserk rage
 S - 2 potions of flight
 T - 3 potions of magic
Miscellaneous
 c - a lightning rod (4/4)
 l - a phial of floods (inert)
Comestibles
 f - 56 rations


   Skills:
 + Level 12.9 Fighting
 - Level 12.0 Short Blades
 - Level 14.4 Axes
 + Level 13.6 Armour
 + Level 4.4 Dodging
 - Level 0.4 Stealth
 + Level 21.0 Shields
 * Level 13.4 Invocations
 * Level 12.4 Evocations


You had 17 spell levels left.
You didn't know any spells.

Dungeon Overview and Level Annotations

Branches:
Dungeon (15/15)            Temple (1/1) D:6            Lair (6/6) D:10
  Swamp (4/4) Lair:4       Spider (4/4) Lair:2        Slime (0/5) Lair:6
    Orc (2/2) D:11            Elf (1/3) Orc:2        Vaults (0/5) D:14
 Depths (1/5) D:15

Altars:
Ashenzari
Cheibriados
Elyvilon
Fedhas
Gozag
Hepliaklqana
Makhleb
Nemelex Xobeh
Qazlal
Ru
Trog
Uskayaw
Vehumet
Xom
Zin
The Shining One

Shops:
D:4 *=[   D:5 =   D:6 }   D:10 (   D:13 :   Orc:2 ?*:%


Innate Abilities, Weirdness & Mutations

You reflexively headbutt those who attack you in melee.
You have a pair of horns on your head.
You are dopey. (Int -2)


Message History

The peacekeeper bites you but does no damage.
The peacekeeper claws you but does no damage.
You block the saltling's attack. x2
You feel much better. You block the peacekeeper's attack. x3
The peacekeeper claws you!
The peacekeeper is engulfed in freezing vapours.
The peacekeeper bites you but does no damage.
You block the peacekeeper's attack. The saltling hits you!!
* * * LOW HITPOINT WARNING * * *
The saltling hits you but does no damage.
The peacekeeper bites you but does no damage.
The peacekeeper claws you!
* * * LOW HITPOINT WARNING * * *
A ragged hierophant comes into view. It is wielding a whip.
You block the peacekeeper's attack. x2
The peacekeeper bites you but does no damage.
You block the peacekeeper's attack.
The ragged hierophant casts a spell at you.
A blast of power from the earth and the adjacent constructs strikes you!
You die...

...............
...............
...............
..#....8.......
.#.............
p.#.8..........
...≈..)8§......
...≈..888......
...9≈§8@.).....
.....§)8.§.....
.......§§§.....
..........#....
.........#.....
..............§
............§.§
§..#.........§


You could see a ragged hierophant, 3 peacekeepers, a molten gargoyle and 5
saltlings.

Vanquished Creatures
  Arachne (Spider:3)
  A bone dragon (Swamp:4)
  Rupert (D:11)
  Gastronok (Lair:1)
  Kirke (Swamp:4)
  Roxanne (Swamp:1)
  Donald (Swamp:3)
  2 ghost moths (Spider:4)
  A frost giant (Depths:1)
  5 emperor scorpions
  An orc warlord (Orc:1)
  Louise (Spider:2)
  Nessos (D:15)
  2 entropy weavers (Spider:1)
  2 very ugly things (IceCv)
  2 halazid warlocks (Desolation)
  2 ettins
  Josephine (Lair:4)
  2 ragged hierophants (Desolation)
  12 hydras
  2 servants of whispers (Desolation)
  8 vault guards (D:14)
  A catoblepas (Lair:5)
  Harold (D:10)
  A death knight (D:12)
  5 peacekeepers (Desolation)
  A ghost crab (Swamp:4)
  Erica (D:8)
  3 centaur warriors
  A merfolk avatar (Lair:6)
  9 alligators
  The ghost of SlightEye the Fighter, a novice FoFi of Okawaru (D:9)
  3 dancing weapons (Elf:1)
  6 death yaks (Lair:4)
  10 two-headed ogres
  2 ogre magi
  2 tengu warriors (D:15)
  5 orc high priests (Orc:2)
  3 spriggans (Swamp:2)
  2 deep elf knights (Elf:1)
  The ghost of Fascinator the Cleaver, a novice MiFi (D:8)
  Nergalle (Lair:1)
  6 skeletal warriors
  2 sea snakes (Lair:6)
  An unseen horror (D:10)
  3 swamp dragons
  A spriggan druid (Swamp:3)
  5 orc knights (Orc:2)
  2 shambling mangroves
  The ghost of exaltech the Geomancer, a novice GrEE of Ashenzari (D:6)
  A wizard (D:14)
  8 deep elf archers
  Pikel (D:6)
  2 spectral hydras (Swamp:4)
  An anaconda skeleton (Volcano)
  An ironbrand convoker (Elf:1)
  18 ugly things
  2 phantasmal warriors (Swamp:4)
  A cyclops (D:13)
  10 deep elf magi (Elf:1)
  A wolf spider zombie (D:14)
  21 orb spiders
  An orc sorcerer (Orc:1)
  23 wolf spiders
  2 manticores
  A moth of wrath (Spider:4)
  3 black mambas
  6 ice statues
  A molten gargoyle (Desolation)
  A guardian serpent (Desolation)
  A torpor snail (Lair:3)
  6 gargoyles
  11 elephants
  A spiny frog (shapeshifter) (D:13)
  28 spiny frogs
  10 komodo dragons
  3 swamp worm zombies (Swamp:4)
  2 anaconda simulacra (IceCv)
  3 centaur skeletons
  4 rime drakes (Lair:6)
  A freezing wraith (D:12)
  2 yaktaurs (D:15)
  6 demonic crawlers
  4 polar bears
  A queen bee (shapeshifter) (D:15)
  4 hydra zombies (Swamp:4)
  31 jumping spiders
  6 trolls
  A queen bee (Lair:2)
  3 tyrant leeches
  17 hornets
  29 saltlings
  The ghost of Ablot the Sneak, an amateur GnEn (D:7)
  Grinder (D:5)
  A harpy skeleton (Volcano)
  6 bog bodies
  25 slime creatures
  3 spectral swamp dragons (Swamp:4)
  The ghost of Lavandula the Magician, an amateur BaEE (D:5)
  11 hippogriffs
  9 blink frogs
  4 alligator zombies (Swamp:4)
  An air elemental (Elf:1)
  3 flying skulls (Volcano)
  Sigmund (D:3)
  6 shadows
  3 wyverns
  A vampire (D:13)
  65 redbacks
  36 tarantellas
  A water elemental (Elf:1)
  A fire elemental (Elf:1)
  33 yaks
  4 basilisks
  2 dire elephant simulacra (IceCv)
  9 wraiths
  8 hungry ghosts
  3 hogs (Swamp:4)
  3 harpy simulacra (IceCv)
  28 vampire mosquitoes
  20 swamp worms
  3 wargs (Orc:2)
  32 insubstantial wisps
  37 water moccasins
  A soldier ant (D:13)
  Duvessa (D:5)
  4 swamp drakes
  A hydra simulacrum (IceCv)
  3 porcupines
  37 orc warriors
  2 black bears (D:13)
  11 ice beasts
  An ettin simulacrum (IceCv)
  A hornet zombie (D:12)
  11 phantoms
  7 sky beasts
  3 swamp dragon zombies (Swamp:4)
  2 necrophages
  19 ogres
  11 crocodiles
  10 wolves
  14 centaurs
  12 bullfrogs
  A wyvern zombie (D:11)
  A gnoll sergeant (D:8)
  2 scorpions
  Dowan (D:5)
  28 killer bees
  A spriggan skeleton (Volcano)
  8 electric eels
  2 troll skeletons (Volcano)
  3 bullfrog zombies
  6 howler monkeys
  2 centaur zombies
  9 crimson imps
  11 hounds
  3 quasits (D:10)
  Crazy Yiuf (D:2)
  41 orc priests
  A gnoll shaman (D:10)
  7 jellies
  An iguana (D:12)
  Ijyb (D:5)
  Terence (D:3)
  15 orc wizards
  Natasha (D:4)
  2 spectral swamp drakes (Swamp:4)
  8 worker ants
  17 gnolls
  A howler monkey zombie (D:5)
  25 adders
  3 river rats (D:3)
  A swamp drake zombie (Swamp:4)
  3 shadow imps
  2 oozes
  2 adder zombies
  3 adder skeletons
  4 worms
  A dart slug (D:2)
  3 leopard geckos
  98 orcs
  9 bats
  5 giant cockroaches
  4 goblins
  5 hobgoblins
  10 jackals
  6 kobolds
  3 quokkas
  2 ball pythons
  5 frilled lizards
  A jackal skeleton (D:4)
  2 quokka skeletons
  11 rats
  3 fungi
  A plant (D:10)
1310 creatures vanquished.

Vanquished Creatures (collateral kills)
  Jorgrun (Swamp:4)
  A ragged hierophant (Desolation)
  A peacekeeper (Desolation)
  7 saltlings (Desolation)
10 creatures vanquished.

Vanquished Creatures (others)
  A swamp worm zombie (Swamp:4)
  A saltling (Elf:1)
  A redback (Spider:1)
  A tarantella (Spider:4)
  4 humans (Swamp:4)
  A slave (D:6)
  2 bullfrogs
  A scorpion (D:6)
  A centaur zombie (D:6)
  6 fungi
  7 plants
26 creatures vanquished.

Grand Total: 1346 creatures vanquished

Notes
Turn   | Place    | Note
-------+----------+-------------------------------------------
     0 | D:1      | Fascinator the Minotaur Fighter began the quest for the Orb.
     0 | D:1      | Reached XP level 1. HP: 19/19 MP: 0/0
    54 | D:1      | Reached XP level 2. HP: 26/27 MP: 1/1
   149 | D:1      | Reached skill level 4 in Shields
   411 | D:2      | Reached XP level 3. HP: 23/33 MP: 2/2
   560 | D:2      | Found a runed door.
   564 | D:2      | Noticed Crazy Yiuf
   571 | D:2      | Killed Crazy Yiuf
   843 | D:2      | Reached XP level 4. HP: 40/40 MP: 3/3
  1417 | D:3      | Noticed Sigmund
  1430 | D:3      | Killed Sigmund
  1430 | D:3      | Reached skill level 5 in Axes
  1430 | D:3      | Reached XP level 5. HP: 47/47 MP: 4/4
  1481 | D:3      | Reached skill level 1 in Dodging
  1481 | D:3      | Reached XP level 6. HP: 40/53 MP: 5/5
  1496 | D:3      | Reached skill level 5 in Shields
  1956 | D:3      | Reached XP level 7. HP: 54/60 MP: 6/6
  2207 | D:3      | Noticed Terence
  2219 | D:3      | Killed Terence
  2219 | D:3      | Reached skill level 5 in Armour
  2486 | D:3      | Found a faded altar of an unknown god.
  2843 | D:4      | Found Vaeck's Assorted Antiques.
  2849 | D:4      | Bought a warped amber ring for 95 gold pieces
  2849 | D:4      | Identified the ring of Olawilu {MP+9 Dex+7} (You bought it in a shop on level 4 of the Dungeon)
  2983 | D:4      | Found Jushenykhla's Jewellery Emporium.
  3036 | D:4      | Found Zaitraw's Armour Shoppe.
  3170 | D:4      | Noticed Natasha
  3180 | D:4      | Killed Natasha
  3227 | D:4      | Found a bloodstained altar of Trog.
  3270 | D:5      | Entered Level 5 of the Dungeon
  3280 | D:5      | Noticed Grinder
  3301 | D:5      | Killed Grinder
  3301 | D:5      | Reached skill level 5 in Fighting
  3301 | D:5      | Reached skill level 6 in Shields
  3301 | D:5      | Reached XP level 8. HP: 68/68 MP: 7/7
  3361 | D:5      | Noticed Duvessa
  3362 | D:5      | Noticed Dowan
  3370 | D:5      | Killed Dowan
  3370 | D:5      | Reached skill level 10 in Axes
  3371 | D:5      | Killed Duvessa
  3399 | D:5      | Got a bloodstained cloak
  3410 | D:5      | Identified the +1 cloak of the Ditch-Digger {Dex+7} (You found it on level 5 of the Dungeon)
  3467 | D:5      | Found a glowing silver altar of Zin.
  3473 | D:5      | Noticed Ijyb
  3483 | D:5      | Killed Ijyb
  3629 | D:5      | Found Diepo's Jewellery Boutique.
  3630 | D:5      | Noticed Lavandula's ghost (amateur BaEE)
  3640 | D:5      | Killed Lavandula's ghost
  3640 | D:5      | Reached XP level 9. HP: 64/74 MP: 8/8
  3808 | D:5      | Found a white marble altar of Elyvilon.
  4198 | D:6      | Noticed Pikel
  4217 | D:6      | Killed Pikel
  4217 | D:6      | Reached skill level 7 in Shields
  4614 | D:6      | Found a staircase to the Ecumenical Temple.
  4621 | Temple   | Entered the Ecumenical Temple
  4638 | Temple   | Became a worshipper of Qazlal Stormbringer
  4683 | D:6      | Found Weufuoph's Gadget Boutique.
  4764 | D:6      | Noticed exaltech's ghost (novice GrEE)
  4775 | D:6      | Killed exaltech's ghost
  4873 | D:6      | Found a shimmering altar of Xom.
  4875 | D:6      | Found a basalt altar of Yredelemnul.
  4875 | D:6      | Found a snail-covered altar of Cheibriados.
  4877 | D:6      | Found a glowing silver altar of Zin.
  4877 | D:6      | Found a snail-covered altar of Cheibriados.
  4877 | D:6      | Found a sacrificial altar of Ru.
  5301 | D:7      | Noticed Ablot's ghost (amateur GnEn)
  5324 | D:7      | Killed Ablot's ghost
  5340 | D:7      | Reached XP level 10. HP: 62/84 MP: 9/9
  5394 | D:7      | Reached * piety under Qazlal
  5669 | D:8      | Noticed Fascinator's ghost (novice MiFi)
  5686 | D:8      | Killed Fascinator's ghost
  5686 | D:8      | Reached skill level 1 in Invocations
  5688 | D:8      | Reached skill level 1 in Evocations
  5956 | D:8      | Noticed a two-headed ogre
  5974 | D:8      | Killed a two-headed ogre
  5974 | D:8      | Reached skill level 8 in Shields
  6323 | D:8      | Found a bloodstained altar of Trog.
  6324 | D:8      | Found a radiant altar of Vehumet.
  6426 | D:8      | Noticed Erica
  6444 | D:8      | Killed Erica
  6786 | D:8      | Reached ** piety under Qazlal
  6800 | D:8      | Found a burning altar of Makhleb.
  7021 | D:9      | Got a twisted short sword
  7022 | D:9      | Identified the +6 short sword of the Middle {drain, rF+ Str+3 Dex-3} (You found it on level 9 of the Dungeon)
  7121 | D:9      | Reached skill level 1 in Short Blades
  7122 | D:9      | Noticed SlightEye's ghost (novice FoFi)
  7158 | D:9      | Killed SlightEye's ghost
  7158 | D:9      | Reached XP level 11. HP: 83/91 MP: 12/12
  7567 | D:9      | Found a hide-covered altar of Uskayaw.
  7799 | D:10     | Entered Level 10 of the Dungeon
  7865 | D:10     | Killed an unseen horror
  8023 | D:10     | Found Micwiel's Weapon Shop.
  8136 | D:10     | Found a staircase to the Lair.
  8193 | D:10     | Reached *** piety under Qazlal
  8228 | D:10     | Noticed a two-headed ogre
  8235 | D:10     | Killed a two-headed ogre
  8235 | D:10     | Reached skill level 5 in Short Blades
  8271 | D:10     | Reached skill level 9 in Shields
  8673 | D:10     | Noticed Harold
  8688 | D:10     | Killed Harold
  8989 | D:11     | Reached **** piety under Qazlal
  9172 | D:11     | Found a staircase to the Orcish Mines.
  9268 | D:11     | Found an opulent altar of Gozag.
  9441 | D:11     | Reached XP level 12. HP: 88/100 MP: 14/14
  9739 | D:11     | Reached skill level 5 in Evocations
  9944 | D:11     | Reached skill level 5 in Invocations
  9957 | D:11     | Reached skill level 10 in Shields
 10163 | D:12     | Noticed Rupert
 10182 | D:11     | Killed Rupert
 10192 | D:11     | Reached ***** piety under Qazlal
 10364 | D:12     | Noticed a death knight
 10425 | D:12     | Killed a death knight
 10676 | D:12     | Noticed a six-headed hydra
 10687 | D:12     | Killed a six-headed hydra
 11156 | Lair:1   | Entered Level 1 of the Lair of Beasts
 11327 | Lair:1   | Got a faintly humming plate armour
 11338 | Lair:1   | Identified the +8 plate armour of Pantheism {+Inv rPois Str+4} (You found it on level 1 of the Lair of Beasts)
 11396 | Lair:1   | Reached skill level 10 in Short Blades
 11495 | Lair:1   | Noticed Gastronok
 11506 | Lair:1   | Killed Gastronok
 11506 | Lair:1   | Reached skill level 11 in Shields
 11506 | Lair:1   | Reached XP level 13. HP: 102/108 MP: 16/16
 11595 | Lair:1   | Noticed Nergalle
 11603 | Lair:1   | Killed Nergalle
 12478 | Lair:2   | Found a hole to the Spider Nest.
 13961 | Lair:4   | Reached skill level 12 in Shields
 14062 | Lair:4   | Found a dark tunnel.
 14069 | Volcano  | Entered a volcano
 14342 | Volcano  | Found the +0 Maxwell's etheric cage {RegenMP+ *Contam rElec MP+4}
 14715 | Lair:4   | Reached XP level 14. HP: 118/118 MP: 18/18
 14797 | Lair:4   | Found a staircase to the Swamp.
 14855 | Lair:4   | Noticed Josephine
 14864 | Lair:4   | Killed Josephine
 14881 | Lair:4   | Reached ****** piety under Qazlal
 15363 | Lair:4   | Reached skill level 10 in Armour
 15656 | Lair:5   | Reached skill level 13 in Shields
 16218 | Lair:6   | Entered Level 6 of the Lair of Beasts
 16552 | Lair:6   | Reached skill level 14 in Shields
 16578 | Lair:6   | Reached skill level 10 in Fighting
 16814 | Lair:6   | Found a staircase to the Slime Pits.
 17599 | Orc:1    | Entered Level 1 of the Orcish Mines
 17638 | Orc:1    | Gained mutation: You are dopey. (Int -2) [a neqoxec]
 17815 | Orc:2    | Entered Level 2 of the Orcish Mines
 17954 | Orc:2    | Found a staircase to the Elven Halls.
 18689 | Orc:2    | Reached XP level 15. HP: 83/126 MP: 7/20
 18972 | Orc:2    | Found Guseg's Food Shop.
 18975 | Orc:2    | Found Vixas's Magic Scroll Shop.
 18976 | Orc:2    | Found Haajueh's Book Shop.
 18977 | Orc:2    | Found Kiffiadgh's Assorted Antiques.
 18981 | Orc:2    | Bought a scroll of acquirement for 520 gold pieces
 19303 | Orc:1    | Noticed an orc warlord
 19391 | Orc:1    | Killed an orc warlord
 19391 | Orc:1    | Reached skill level 15 in Shields
 19795 | Swamp:1  | Entered Level 1 of the Swamp
 20401 | Swamp:1  | Noticed Roxanne
 20612 | Swamp:1  | Killed Roxanne
 20612 | Swamp:1  | Reached skill level 10 in Invocations
 22389 | Swamp:4  | Entered Level 4 of the Swamp
 22449 | Swamp:4  | Noticed Donald
 22467 | Swamp:3  | Killed Donald
 22469 | Swamp:3  | Reached XP level 16. HP: 27/138 MP: 23/23
 22474 | Swamp:3  | Reached skill level 16 in Shields
 22884 | Swamp:4  | Noticed Kirke
 22902 | Swamp:4  | Killed Kirke
 23088 | Swamp:4  | Noticed Jorgrun
 23103 | Swamp:4  | Paralysed by a hornet for 1 turns
 23117 | Swamp:4  | Killed Jorgrun
 23282 | Swamp:4  | Reached skill level 10 in Evocations
 23902 | Swamp:4  | Noticed a bone dragon
 23948 | Swamp:4  | Killed a bone dragon
 24088 | Swamp:4  | Got a decaying rune of Zot
 24710 | D:13     | Reached skill level 17 in Shields
 24998 | D:13     | Found Laxy's Book Shoppe.
 25717 | D:14     | Found a blossoming altar of Fedhas.
 25925 | D:14     | Paralysed by a crimson imp for 6 turns
 26137 | D:14     | Found a gate to the Vaults.
 26399 | D:15     | Entered Level 15 of the Dungeon
 26481 | D:15     | Reached XP level 17. HP: 146/146 MP: 24/24
 26537 | D:15     | Reached skill level 18 in Shields
 26690 | D:15     | Found a staircase to the Depths.
 26696 | D:15     | Noticed Nessos
 26733 | D:15     | Killed Nessos
 27316 | Depths:1 | Entered Level 1 of the Depths
 27523 | Spider:1 | Entered Level 1 of the Spider Nest
 28043 | Spider:1 | Reached skill level 19 in Shields
 28422 | Spider:1 | Got a pair of ancient gloves
 28433 | Spider:1 | Identified the cursed +0 pair of gloves of Tulips {Int+4} (You found it on level 1 of the Spider Nest)
 28605 | Spider:2 | Noticed Louise
 29016 | Spider:2 | Killed Louise
 30220 | Spider:4 | Entered Level 4 of the Spider Nest
 30224 | Spider:4 | Noticed Arachne
 30255 | Spider:3 | Killed Arachne
 30280 | Spider:4 | Reached XP level 18. HP: 144/155 MP: 25/26
 30584 | Spider:4 | Found a frozen archway.
 30623 | IceCv    | Entered an ice cave
 30792 | IceCv    | Reached skill level 20 in Shields
 31232 | IceCv    | Got a warped plate armour
 31243 | IceCv    | Identified the +6 plate armour of the Orb Guardian {*Drain rElec rF- Str+10} (You found it in an ice cave)
 32139 | Spider:4 | Got a gossamer rune of Zot
 32392 | Elf:1    | Entered Level 1 of the Elven Halls
 32841 | Elf:1    | Found a ruined gateway.
 32869 | Desolati | Entered the Desolation of Salt
 32965 | Desolati | Reached skill level 21 in Shields
 32995 | Desolati | Killed from afar by a ragged hierophant

Skill      XL: |  1  2  3  4  5  6  7  8  9 10 11 12 13 14 15 16 17 18 |
---------------+-------------------------------------------------------+-----
Armour         | 4 5 6 7 8 9 10 11 12 13 | 13.6
Shields        | 4 5 6 7 8 9 11 12 14 15 17 19 21 | 21.0
Fighting       | 4 5 6 7 8 9 10 11 12 | 12.9
Axes           | 3 5 6 8 11 13 14 | 14.4
Dodging        | 1 2 3 4 |  4.4
Invocations    | 2 4 6 7 9 10 11 12 13 | 13.4
Evocations     | 3 4 6 7 8 9 10 11 12 | 12.4
Short Blades   | 2 7 10 12 | 12.0
Stealth        | |  0.4

Action                   |  1- 3 |  4- 6 |  7- 9 | 10-12 | 13-15 | 16-18 || total
-------------------------+-------+-------+-------+-------+-------+-------++-------
Melee: War axe           |    51 |    78 |   296 |   138 |       |       ||   563
       Headbutt          |    10 |    10 |    74 |   301 |   597 |   858 ||  1850
       Short sword       |       |       |       |   653 |  1596 |  2005 ||  4254
Invok: Upheaval          |       |       |       |     1 |    32 |    33 ||    66
       Disaster Area     |       |       |       |       |     2 |     2 ||     4
 Abil: Evoke Flight      |       |       |       |       |     1 |       ||     1
Evoke: Wand              |       |       |       |     6 |    16 |    26 ||    48
       Lightning rod     |       |       |       |       |       |     4 ||     4
       Phial of floods   |       |       |       |       |       |     2 ||     2
       Box of beasts     |       |       |       |       |       |     2 ||     2
  Use: Potion            |       |     1 |     1 |     2 |     2 |    10 ||    16
       Scroll            |       |       |       |    24 |    11 |     2 ||    37
 Stab: Distracted        |       |       |       |       |       |     1 ||     1
  Eat: Chunk             |       |     3 |    13 |    18 |    29 |    22 ||    85
       Ration            |       |       |       |     1 |     2 |     4 ||     7
Armor: Scale mail        |    22 |     2 |       |       |       |       ||    24
       Chain mail        |       |    46 |    72 |       |       |       ||   118
       Plate armour      |       |       |    82 |   191 |   319 |   614 ||  1206
Dodge: Dodged            |    14 |    22 |    54 |    87 |   215 |   343 ||   735
       Deflected         |       |       |       |       |     8 |    13 ||    21
Block: Shield            |    18 |    53 |   138 |   512 |   945 |       ||  1666
       Large shield      |       |       |       |       |   288 |  2430 ||  2718
